 Dungeon Crawl Stone Soup version 0.31.0-12-g77e489cdc1 (webtiles) character file.

Game seed: 18087700722231275310

41 EleventhPoet the Thaumaturge (level 3, -1/31 HPs)
             Began as a Gnoll Wanderer on Mar 6, 2024.
             Slain by an orc wizard
             ... wielding a +0 dagger
              (2 damage)
             ... on level 2 of the Dungeon.
             The game lasted 00:10:34 (1493 turns).

EleventhPoet the Thaumaturge (Gnoll Wanderer)       Turns: 1493, Time: 00:10:34

Health: -1/31      AC:  5    Str: 12    XL:     3   Next: 52%
Magic:  13/13      EV:  9    Int: 12    God:
Gold:   90         SH:  4    Dex: 11    Spells: 20/20 levels left

rFire   . . .        j - +0 mace
rCold   . . .        b - +0 buckler
rNeg    . . .        h - +0 ring mail
rPois   .            (no helmet)
rElec   .            (no cloak)
rCorr   .            (no gloves)
SInv    .            (no boots)
Will    .....        (no amulet)
Stlth   +            (no ring)
HPRegen 0.25/turn    (no ring)
MPRegen 0.13/turn

%: no passive effects
@: no status effects
A: fangs 1, strong nose, distributed training
a: no special abilities


You were on level 2 of the Dungeon.
You visited 1 branch of the dungeon, and saw 2 of its levels.

You collected 90 gold pieces.

Inventory:

Hand Weapons
 a - a +0 dagger
 i - a +0 whip
 j - a +0 mace (weapon)
Armour
 b - a +0 buckler (worn)
 d - a +0 robe
 h - a +0 ring mail (worn)
Scrolls
 f - 2 scrolls of identify {unknown}
Potions
 c - a potion of mutation
 e - a potion of curing
 g - a potion of degeneration {unknown}
 k - a potion of enlightenment {unknown}


   Skills:
 + Level 4.5 Fighting
 + Level 0.9 Short Blades
 + Level 0.9 Long Blades
 + Level 0.9 Axes
 + Level 0.9 Maces & Flails
 + Level 0.9 Polearms
 + Level 0.9 Staves
 + Level 0.9 Ranged Weapons
 + Level 2.6 Throwing
 + Level 0.9 Armour
 + Level 0.9 Dodging
 + Level 2.4 Stealth
 + Level 2.6 Shields
 + Level 0.9 Unarmed Combat
 + Level 9.3 Spellcasting
 + Level 0.6 Conjurations
 + Level 0.6 Hexes
 + Level 0.6 Summonings
 + Level 0.6 Necromancy
 + Level 0.6 Translocations
 + Level 0.6 Fire Magic
 + Level 0.6 Ice Magic
 + Level 0.6 Air Magic
 + Level 0.6 Earth Magic
 + Level 0.6 Alchemy
 + Level 1.0 Invocations
 + Level 0.9 Evocations
 + Level 0.7 Shapeshifting


You had 20 spell levels left.
You didn't know any spells.
Your spell library contained the following spells:

 Spells                   Type           Power      Damage    Failure   Level
 Magic Dart               Conj           28%        1d4       32%         1
 Sting                    Conj/Alch      28%        1d4       32%         1
 Searing Ray              Conj           14%        2d5       43%         2
 Mephitic Cloud           Conj/Alch/Air  7%         N/A       67%         3


Dungeon Overview and Level Annotations

Branches:
Dungeon (2/15)

Altars:


Innate Abilities, Weirdness & Mutations

You have very sharp teeth.
Your uncanny sense of smell can sniff out nearby items.
Your experience applies equally to all skills.


Message History

Something hits you but does no damage.
You bump into the rock wall.
Something hits you.
You're too confused to move!
Something hits you but does no damage.
The orc wizard points at you and mumbles some strange words.
You bump into the rock wall.
You closely miss something. Something hits you.
You bump into the rock wall.
Something hits the orc wizard but does no damage.
You hit something.
Reactivating autopickup.
You feel a bit more experienced.
Your Invocations skill increases to level 1!
You barely miss the orc wizard. Your bite misses the orc wizard.
The orc wizard points at you and mumbles some strange words.
The puff of flame hits you.
You barely miss the orc wizard.
You feel less confused. The orc wizard casts a spell at you.
You resist with significant effort.
You closely miss the orc wizard.
You bite the orc wizard, but do no damage.
The orc wizard completely misses you. The orc wizard barely misses you.
You barely miss the orc wizard. The orc wizard barely misses you.
You miss the orc wizard.
The orc wizard gestures wildly while chanting.
The orc wizard flickers and vanishes!
Deactivating autopickup; reactivate with Ctrl-A.
You block something's attack.
You closely miss something. Something hits you.
You miss something. Something hits you.
* * * LOW HITPOINT WARNING * * *
You hit something. Something hits you.
* * * LOW HITPOINT WARNING * * *
You block something's attack.
You closely miss something. Something hits you.
* * * LOW HITPOINT WARNING * * *
You miss something. Something hits you.
* * * LOW HITPOINT WARNING * * *
Something hits you.
You die...

.# .# #.# #.#
##.## ##...##
∆#######.....##
#.ro{@.......#
#..oo###......#
#.#.# ##...#.#
# ##.##.#
#.##.# #.##.#
#.##.# #.##.#
#.##.#


You could see 3 orcs and a quokka.

Vanquished Creatures
  An orc wizard (D:2)
  An adder (D:2)
  A dart slug (D:1)
  2 goblins
  3 hobgoblins (D:2)
  3 jackals (D:2)
  2 kobolds
  A quokka (D:2)
  A bat (D:1)
  2 frilled lizards (D:2)
17 creatures vanquished.

Notes
Turn   | Place    | Note
-------+----------+-------------------------------------------
     0 | D:1      | Reached skill level 9 in Spellcasting
     0 | D:1      | EleventhPoet the Gnoll Wanderer began the quest for the
                  | Orb.
     0 | D:1      | EleventhPoet set off with the following items: a +0 dagger,
                  | a +0 buckler, a potion of mutation, a +0 robe, a potion of
                  | curing; and the following spells available to memorise:
                  | Magic Dart, Sting, Searing Ray, Mephitic Cloud.
     0 | D:1      | Reached XP level 1. HP: 20/20 MP: 10/10
  1108 | D:2      | Reached XP level 2. HP: 23/26 MP: 12/12
  1245 | D:2      | Reached XP level 3. HP: 3/31 MP: 13/13
  1247 | D:2      | HP: 1/31 [frilled lizard (3)]
  1484 | D:2      | Reached skill level 1 in Invocations
  1493 | D:2      | HP: 1/31 [something (2)]
  1493 | D:2      | Slain by an orc wizard

Illustrated notes

Levels and vault maps discovered:
D:1:      shiori_arrival_elements, layout_basic
D:2:      layout_loops_ring, kennysheep_generic_room_3

Skill      XL: |  1  2  3 |
---------------+----------+-----
Spellcasting   | |  9.3
Invocations    | 1 |  1.0
Fighting       | |  4.5
Short Blades   | |  0.9
Long Blades    | |  0.9
Axes           | |  0.9
Maces & Flails | |  0.9
Polearms       | |  0.9
Staves         | |  0.9
Ranged Weapons | |  0.9
Throwing       | |  2.6
Armour         | |  0.9
Dodging        | |  0.9
Stealth        | |  2.4
Shields        | |  2.6
Unarmed Combat | |  0.9
Conjurations   | |  0.6
Hexes          | |  0.6
Summonings     | |  0.6
Necromancy     | |  0.6
Translocations | |  0.6
Fire Magic     | |  0.6
Ice Magic      | |  0.6
Air Magic      | |  0.6
Earth Magic    | |  0.6
Alchemy        | |  0.6
Evocations     | |  0.9
Shapeshifting  | |  0.7

Action                     || total
---------------------------++-------
  Melee: Dagger            ||     9
         Mace              ||    66
         Bite              ||     4
 Armour: Robe              ||    17
         Ring mail         ||    77
  Dodge: Dodged            ||    58
  Block: Buckler           ||    29
